General information
- name: BNet
- type: Ladder team game (AT/RT)
- host: Battle.net
- saver: ZombieCaylee
map: SilverpineForest
- players: 6
- length: 99:03
- speed: Fast
- version: 1.26 W3XP
- replay type: Public
» download(671 KB)
Players
team 1 (loser)
berlingots (
green | 193 APM | 19069 actions | 98:57)
8 Archmage
2 Summon Water Elemental
3 Brilliance Aura
2 Blizzard
1 Mass Teleport
6 Blood Mage
3 Siphon Mana
2 Banish
1 Flame Strike
4 Paladin
2 Holy Light
2 Divine Shield
» actions
| Assign group hotkey | 3986 | |
| Basic commands | 326 | |
| Build / train | 342 | |
| Enter build submenu | 176 | |
| Enter hero's abilities submenu | 16 | |
| Give item / drop item | 5 | |
| Remove unit from queue | 15 | |
| Right click | 8833 | |
| Select / deselect | 1739 | |
| Select group hotkey | 3120 | |
| Use ability | 508 | |
19069 total
» units
| Peasant | 56 | |
| Footman | 9 | |
| Rifleman | 3 | |
| Siege Engine | 19 | |
| Flying Machine | 10 | |
| Mortar Team | 1 | |
| Goblin Zeppelin | 4 | |
| Goblin Sapper | 5 | |
107 total
» upgrades
| Defend | 1 | |
| Gunpowder | 3 | |
| Plating | 3 | |
| Masonry | 3 | |
| Lumber Harvesting | 2 | |
| Barrage | 1 | |
| Flak Cannons | 1 | |
| Flying Machine Bombs | 1 | |
| Flare | 1 | |
16 total
» buildings
| Altar of Kings | 2 | |
| Barracks | 4 | |
| Farm | 20 | |
| Scout Tower | 120 | |
| Arcane Tower | 118 | |
| Lumber Mill | 1 | |
| Arcane Vault | 1 | |
| Blacksmith | 1 | |
| Guard Tower | 20 | |
| Town Hall | 7 | |
| Keep | 3 | |
| Workshop | 5 | |
| Castle | 2 | |
| Arcane Sanctum | 1 | |
| Gryphon Aviary | 1 | |
306 total
» build order
00:07 Altar of Kings
00:21 Barracks
00:37 Farm
01:06 Farm
01:35 Scout Tower
02:05 Arcane Tower
02:05 Arcane Tower
02:38 Farm
02:56 Farm
03:04 Lumber Mill
03:24 Arcane Vault
03:34 Scout Tower
04:10 Barracks
04:13 Blacksmith
04:56 Scout Tower
04:57 Scout Tower
04:59 Scout Tower
05:27 Farm
06:05 Scout Tower
06:07 Scout Tower
06:09 Scout Tower
06:29 Guard Tower
06:30 Scout Tower
06:42 Guard Tower
06:43 Guard Tower
06:43 Guard Tower
07:20 Farm
07:23 Farm
07:33 Arcane Tower
08:45 Town Hall
09:23 Farm
10:21 Scout Tower
10:22 Scout Tower
10:31 Farm
11:11 Guard Tower
11:11 Guard Tower
11:12 Scout Tower
12:37 Keep
12:37 Keep
13:13 Arcane Tower
15:59 Workshop
16:00 Castle
16:00 Castle
16:03 Scout Tower
16:03 Scout Tower
16:05 Scout Tower
17:31 Town Hall
17:38 Workshop
17:39 Workshop
17:51 Scout Tower
17:56 Scout Tower
18:08 Scout Tower
18:10 Scout Tower
18:11 Scout Tower
18:12 Scout Tower
18:46 Scout Tower
19:03 Arcane Tower
19:03 Arcane Tower
19:06 Guard Tower
19:06 Guard Tower
19:16 Guard Tower
19:16 Scout Tower
19:17 Scout Tower
19:19 Scout Tower
19:41 Scout Tower
19:45 Scout Tower
20:24 Arcane Tower
20:24 Arcane Tower
20:24 Arcane Tower
20:39 Arcane Tower
20:40 Arcane Tower
20:40 Arcane Tower
20:44 Scout Tower
20:45 Scout Tower
20:45 Scout Tower
22:32 Arcane Tower
22:32 Arcane Tower
22:34 Town Hall
23:45 Scout Tower
23:46 Scout Tower
24:16 Scout Tower
24:16 Scout Tower
25:48 Arcane Tower
25:49 Arcane Tower
25:49 Arcane Tower
25:54 Arcane Tower
26:12 Town Hall
26:49 Scout Tower
26:49 Scout Tower
27:25 Guard Tower
27:26 Guard Tower
27:26 Guard Tower
29:43 Farm
29:47 Farm
29:48 Farm
29:56 Scout Tower
29:56 Scout Tower
31:46 Arcane Tower
31:47 Scout Tower
31:48 Scout Tower
31:48 Scout Tower
31:49 Scout Tower
32:16 Arcane Tower
32:17 Arcane Tower
32:17 Scout Tower
32:17 Scout Tower
33:06 Scout Tower
33:07 Scout Tower
33:08 Arcane Tower
33:08 Arcane Tower
34:20 Arcane Tower
34:20 Arcane Tower
34:34 Town Hall
35:07 Farm
35:07 Farm
35:08 Farm
35:27 Arcane Tower
35:30 Farm
35:31 Farm
35:32 Farm
35:33 Farm
35:34 Farm
37:31 Scout Tower
37:31 Scout Tower
37:33 Scout Tower
37:33 Scout Tower
37:48 Scout Tower
38:05 Arcane Tower
38:06 Arcane Tower
38:06 Arcane Tower
39:39 Arcane Tower
39:39 Arcane Tower
39:41 Scout Tower
40:50 Town Hall
41:34 Scout Tower
41:34 Scout Tower
41:40 Scout Tower
41:40 Scout Tower
41:40 Scout Tower
41:52 Scout Tower
41:53 Scout Tower
41:53 Scout Tower
43:17 Arcane Tower
43:18 Arcane Tower
44:29 Arcane Tower
44:29 Arcane Tower
44:30 Arcane Tower
47:05 Scout Tower
47:06 Scout Tower
47:09 Scout Tower
47:12 Scout Tower
47:12 Scout Tower
47:13 Scout Tower
47:40 Arcane Tower
47:41 Arcane Tower
47:42 Arcane Tower
47:42 Arcane Tower
48:05 Scout Tower
48:06 Scout Tower
48:07 Scout Tower
48:25 Scout Tower
48:33 Arcane Tower
48:33 Arcane Tower
49:05 Arcane Tower
49:06 Arcane Tower
49:06 Arcane Tower
49:07 Scout Tower
49:08 Scout Tower
49:09 Scout Tower
49:09 Scout Tower
49:42 Arcane Tower
49:43 Arcane Tower
49:44 Arcane Tower
49:46 Scout Tower
49:46 Scout Tower
49:47 Scout Tower
49:47 Scout Tower
49:48 Scout Tower
49:49 Scout Tower
49:49 Scout Tower
49:49 Scout Tower
50:00 Scout Tower
50:00 Scout Tower
50:01 Scout Tower
50:04 Scout Tower
50:13 Scout Tower
50:41 Arcane Tower
50:43 Scout Tower
50:56 Scout Tower
50:57 Scout Tower
51:10 Scout Tower
51:11 Scout Tower
51:13 Scout Tower
51:23 Arcane Tower
51:23 Arcane Tower
51:48 Arcane Tower
51:48 Arcane Tower
51:48 Arcane Tower
52:06 Arcane Tower
52:07 Arcane Tower
52:29 Scout Tower
52:30 Scout Tower
52:38 Scout Tower
52:39 Scout Tower
52:40 Scout Tower
53:09 Arcane Tower
53:09 Arcane Tower
53:33 Arcane Tower
53:33 Arcane Tower
53:37 Scout Tower
53:38 Scout Tower
56:10 Altar of Kings
56:35 Arcane Tower
56:38 Scout Tower
56:39 Scout Tower
61:48 Arcane Sanctum
61:49 Scout Tower
61:50 Scout Tower
61:52 Barracks
61:53 Barracks
61:57 Workshop
61:58 Workshop
61:59 Scout Tower
62:25 Arcane Tower
62:26 Arcane Tower
62:27 Arcane Tower
62:30 Scout Tower
62:31 Scout Tower
62:33 Scout Tower
63:01 Arcane Tower
64:23 Arcane Tower
64:23 Arcane Tower
65:45 Scout Tower
65:45 Scout Tower
65:46 Scout Tower
65:48 Scout Tower
65:48 Scout Tower
65:49 Scout Tower
67:47 Town Hall
67:51 Scout Tower
67:53 Scout Tower
68:49 Arcane Tower
68:51 Scout Tower
68:52 Scout Tower
68:54 Scout Tower
70:42 Arcane Tower
70:42 Arcane Tower
91:31 Gryphon Aviary
» items
| Scroll of Regeneration | 4 | |
| Lesser Clarity Potion | 1 | |
| Tome of Retraining | 2 | |
| Scroll of Town Portal | 1 | |
| Potion of Healing | 1 | |
| Staff of Sanctuary | 1 | |
| Orb of Fire | 2 | |
12 total
bokanovsky- (
red | 58 APM | 5717 actions | 98:42)
6 Death Knight
3 Death Coil
2 Unholy Aura
1 Animate Dead
4 Dreadlord
2 Sleep
2 Carrion Swarm
» actions
| Assign group hotkey | 127 | |
| Basic commands | 54 | |
| Build / train | 171 | |
| ESC pressed | 12 | |
| Enter build submenu | 37 | |
| Enter hero's abilities submenu | 11 | |
| Give item / drop item | 7 | |
| Remove unit from queue | 7 | |
| Right click | 3125 | |
| Select / deselect | 854 | |
| Select group hotkey | 1126 | |
| Use ability | 186 | |
5717 total
» units
| Acolyte | 15 | |
| Ghoul | 15 | |
| Crypt Fiend | 8 | |
| Frost Wyrm | 18 | |
| Meatwagon | 11 | |
| Goblin Zeppelin | 2 | |
69 total
» upgrades
| Creature Attack | 3 | |
| Creature Carapace | 4 | |
| Web | 1 | |
| Freezing Breath | 1 | |
9 total
» buildings
| Crypt | 1 | |
| Graveyard | 1 | |
| Altar of Darkness | 1 | |
| Ziggurat | 19 | |
| Tomb of Relics | 1 | |
| Halls of the Dead | 5 | |
| Black Citadel | 5 | |
| Spirit Tower | 22 | |
| Sacrificial Pit | 1 | |
| Boneyard | 2 | |
| Slaughterhouse | 1 | |
| Nerubian Tower | 1 | |
60 total
» build order
00:19 Crypt
00:32 Graveyard
00:44 Altar of Darkness
01:02 Ziggurat
01:34 Tomb of Relics
02:27 Ziggurat
03:09 Ziggurat
04:49 Halls of the Dead
04:49 Halls of the Dead
04:49 Halls of the Dead
06:22 Ziggurat
07:10 Black Citadel
07:10 Black Citadel
07:10 Black Citadel
07:41 Spirit Tower
08:26 Spirit Tower
08:26 Spirit Tower
08:26 Spirit Tower
08:50 Sacrificial Pit
10:28 Ziggurat
10:29 Ziggurat
10:40 Boneyard
11:03 Boneyard
11:22 Spirit Tower
11:22 Spirit Tower
11:22 Spirit Tower
15:30 Ziggurat
15:33 Ziggurat
15:50 Ziggurat
17:44 Spirit Tower
17:45 Spirit Tower
17:45 Spirit Tower
27:31 Ziggurat
27:35 Ziggurat
27:41 Ziggurat
28:30 Spirit Tower
28:30 Spirit Tower
28:30 Spirit Tower
29:11 Spirit Tower
29:11 Spirit Tower
29:11 Spirit Tower
32:30 Slaughterhouse
34:41 Ziggurat
34:43 Ziggurat
35:52 Nerubian Tower
49:37 Ziggurat
49:38 Ziggurat
49:40 Ziggurat
49:47 Ziggurat
52:46 Ziggurat
» items
| Rod of Necromancy | 1 | |
| Scroll of Regeneration | 4 | |
| Scroll of Town Portal | 7 | |
| Potion of Healing | 4 | |
| Potion of Mana | 7 | |
| Orb of Corruption | 2 | |
25 total
Spell-I-Cup (
teal | 37 APM | 3695 actions | 98:52)
7 Mountain King
3 Storm Bolt
3 Bash
1 Avatar
5 Paladin
2 Holy Light
3 Devotion Aura
» actions
| Basic commands | 8 | |
| Build / train | 169 | |
| Enter build submenu | 30 | |
| Enter hero's abilities submenu | 12 | |
| Give item / drop item | 9 | |
| Remove unit from queue | 3 | |
| Right click | 2177 | |
| Select / deselect | 1084 | |
| Use ability | 203 | |
3695 total
» units
| Peasant | 18 | |
| Rifleman | 15 | |
| Mortar Team | 3 | |
| Siege Engine | 79 | |
| Goblin Zeppelin | 4 | |
119 total
» upgrades
| Gunpowder | 3 | |
| Armor | 2 | |
| Lumber Harvesting | 1 | |
| Long Rifles | 1 | |
| Barrage | 1 | |
| Plating | 3 | |
| Masonry | 2 | |
| Flare | 1 | |
| Flak Cannons | 1 | |
15 total
» buildings
| Blacksmith | 1 | |
| Farm | 12 | |
| Altar of Kings | 1 | |
| Barracks | 1 | |
| Arcane Vault | 1 | |
| Keep | 1 | |
| Scout Tower | 7 | |
| Lumber Mill | 1 | |
| Workshop | 2 | |
| Guard Tower | 6 | |
| Castle | 1 | |
34 total
» build order
01:12 Blacksmith
01:20 Farm
01:36 Altar of Kings
01:44 Barracks
02:02 Farm
02:29 Farm
02:38 Arcane Vault
07:00 Farm
07:35 Keep
08:19 Farm
09:13 Farm
10:18 Scout Tower
10:25 Scout Tower
10:42 Lumber Mill
11:31 Farm
11:47 Workshop
11:51 Guard Tower
11:52 Guard Tower
12:46 Castle
12:48 Farm
15:19 Scout Tower
15:20 Scout Tower
15:22 Scout Tower
15:23 Scout Tower
15:25 Scout Tower
15:43 Workshop
16:22 Guard Tower
17:59 Guard Tower
19:09 Guard Tower
20:16 Farm
25:59 Guard Tower
26:24 Farm
26:25 Farm
29:46 Farm
» items
| Potion of Greater Mana | 1 | |
| Scroll of Town Portal | 1 | |
| Scroll of Regeneration | 1 | |
| Lesser Clarity Potion | 1 | |
| Scroll of Healing | 1 | |
| Scroll of Protection | 1 | |
6 total
team 2 (winner)
bannedfromwc3 (
yellow | 33 APM | 3238 actions | 98:58)
10 Pandaren Brewmaster
3 Breath of Fire
3 Drunken Brawler
1 Storm Earth and Fire
3 Drunken Haze
» actions
| Assign group hotkey | 14 | |
| Basic commands | 49 | |
| Build / train | 59 | |
| Enter build submenu | 82 | |
| Enter hero's abilities submenu | 10 | |
| Give item / drop item | 2 | |
| Right click | 1694 | |
| Select / deselect | 482 | |
| Select group hotkey | 567 | |
| Use ability | 279 | |
3238 total
» units
» upgrades
| Well Spring | 1 | |
| Nature's Blessing | 1 | |
| Ultravision | 1 | |
| Corrosive Breath | 1 | |
| Strength of the Wild | 1 | |
5 total
» buildings
| Altar of Elders | 1 | |
| Moon Well | 62 | |
| Tree of Ages | 1 | |
| Hunter's Hall | 1 | |
| Tree of Eternity | 1 | |
| Tree of Life | 3 | |
| Ancient of Wonders | 2 | |
| Ancient of Wind | 1 | |
| Chimaera Roost | 2 | |
74 total
» build order
00:06 Altar of Elders
00:18 Moon Well
02:42 Moon Well
03:40 Moon Well
03:48 Moon Well
03:51 Moon Well
04:09 Moon Well
04:10 Moon Well
04:29 Moon Well
05:06 Moon Well
05:16 Moon Well
05:31 Moon Well
06:02 Moon Well
06:06 Moon Well
06:31 Moon Well
06:44 Moon Well
06:52 Tree of Ages
07:07 Moon Well
08:24 Moon Well
08:30 Moon Well
08:35 Moon Well
09:34 Hunter's Hall
09:53 Moon Well
10:08 Moon Well
10:09 Moon Well
11:22 Moon Well
11:22 Moon Well
11:25 Moon Well
11:42 Tree of Eternity
12:07 Moon Well
12:08 Moon Well
12:20 Moon Well
13:08 Moon Well
13:13 Moon Well
13:20 Moon Well
15:38 Moon Well
15:41 Moon Well
15:49 Tree of Life
15:52 Moon Well
15:53 Moon Well
21:10 Moon Well
21:12 Moon Well
23:51 Moon Well
25:45 Moon Well
30:03 Moon Well
30:05 Moon Well
30:07 Moon Well
32:31 Moon Well
34:38 Moon Well
35:39 Moon Well
35:40 Moon Well
35:42 Moon Well
35:43 Moon Well
35:44 Moon Well
35:49 Moon Well
36:31 Moon Well
36:36 Moon Well
39:23 Ancient of Wonders
39:32 Ancient of Wonders
39:52 Moon Well
40:36 Moon Well
40:37 Moon Well
40:40 Moon Well
40:42 Moon Well
40:45 Moon Well
40:48 Moon Well
40:53 Moon Well
42:31 Moon Well
43:05 Moon Well
46:53 Ancient of Wind
51:44 Tree of Life
57:41 Chimaera Roost
57:41 Chimaera Roost
60:11 Tree of Life
» items
| Boots of Speed | 1 | |
| Staff of Teleportation | 1 | |
| Scroll of Town Portal | 10 | |
| Orb of Lightning | 1 | |
| Potion of Healing | 2 | |
| Potion of Mana | 1 | |
16 total
humankingtomvip (
orange | 62 APM | 6153 actions | 98:58)
10 Pandaren Brewmaster
3 Breath of Fire
3 Drunken Brawler
1 Storm Earth and Fire
3 Drunken Haze
3 Blood Mage
2 Flame Strike
1 Siphon Mana
2 Archmage
1 Brilliance Aura
1 Blizzard
» actions
| Assign group hotkey | 158 | |
| Basic commands | 150 | |
| Build / train | 157 | |
| ESC pressed | 8 | |
| Enter build submenu | 79 | |
| Enter hero's abilities submenu | 14 | |
| Give item / drop item | 5 | |
| Remove unit from queue | 2 | |
| Right click | 3279 | |
| Select / deselect | 789 | |
| Select group hotkey | 856 | |
| Use ability | 656 | |
6153 total
» units
| Peasant | 17 | |
| Sorceress | 3 | |
| Goblin Shredder | 1 | |
| Mortar Team | 3 | |
| Gryphon Rider | 3 | |
| Goblin Zeppelin | 1 | |
| Dragonhawk Rider | 6 | |
| Priest | 4 | |
| Siege Engine | 2 | |
40 total
» upgrades
| Masonry | 3 | |
| Magic Sentry | 1 | |
| Sorceress Training | 2 | |
| Storm Hammers | 1 | |
| Plating | 3 | |
| Armor | 3 | |
| Gunpowder | 3 | |
| Swords | 3 | |
| Priest Training | 3 | |
| Fragmentation Shards | 1 | |
| Cloud | 1 | |
| Flare | 1 | |
| Barrage | 1 | |
26 total
» buildings
| Farm | 16 | |
| Scout Tower | 112 | |
| Altar of Kings | 1 | |
| Lumber Mill | 1 | |
| Arcane Tower | 10 | |
| Guard Tower | 38 | |
| Keep | 1 | |
| Castle | 1 | |
| Arcane Sanctum | 1 | |
| Blacksmith | 3 | |
| Gryphon Aviary | 5 | |
| Workshop | 3 | |
| Arcane Vault | 2 | |
194 total
» build order
00:22 Farm
00:29 Scout Tower
00:53 Altar of Kings
01:02 Scout Tower
01:08 Lumber Mill
01:12 Arcane Tower
01:13 Arcane Tower
01:13 Arcane Tower
01:22 Farm
01:36 Arcane Tower
01:36 Arcane Tower
01:45 Scout Tower
01:54 Scout Tower
02:08 Scout Tower
02:29 Guard Tower
02:29 Guard Tower
02:32 Scout Tower
02:34 Guard Tower
02:35 Scout Tower
02:37 Scout Tower
02:41 Scout Tower
02:43 Scout Tower
02:48 Farm
02:50 Farm
03:36 Guard Tower
03:38 Scout Tower
03:38 Scout Tower
03:38 Scout Tower
03:39 Scout Tower
03:51 Guard Tower
03:52 Guard Tower
04:13 Guard Tower
04:22 Scout Tower
04:39 Guard Tower
04:40 Guard Tower
05:15 Guard Tower
05:17 Scout Tower
05:20 Scout Tower
05:20 Scout Tower
06:20 Scout Tower
06:21 Scout Tower
06:43 Keep
06:45 Guard Tower
06:46 Scout Tower
06:47 Scout Tower
06:47 Scout Tower
06:47 Scout Tower
07:31 Guard Tower
07:45 Guard Tower
07:45 Guard Tower
08:44 Scout Tower
08:44 Scout Tower
08:44 Scout Tower
08:45 Scout Tower
08:45 Scout Tower
08:53 Scout Tower
08:54 Scout Tower
08:54 Scout Tower
08:55 Scout Tower
09:25 Guard Tower
09:38 Guard Tower
10:11 Guard Tower
10:31 Guard Tower
10:58 Scout Tower
10:58 Scout Tower
11:25 Castle
11:27 Arcane Sanctum
11:44 Guard Tower
11:44 Guard Tower
11:45 Scout Tower
11:46 Scout Tower
11:46 Scout Tower
11:46 Scout Tower
11:56 Guard Tower
11:57 Scout Tower
11:57 Scout Tower
11:59 Scout Tower
11:59 Scout Tower
13:07 Guard Tower
14:36 Guard Tower
15:32 Scout Tower
15:33 Scout Tower
15:34 Scout Tower
15:34 Scout Tower
15:34 Scout Tower
15:35 Scout Tower
15:35 Scout Tower
15:36 Scout Tower
15:36 Scout Tower
15:37 Scout Tower
15:37 Scout Tower
15:53 Guard Tower
15:55 Scout Tower
15:55 Scout Tower
15:55 Scout Tower
15:56 Scout Tower
15:56 Scout Tower
15:56 Scout Tower
15:57 Scout Tower
15:57 Scout Tower
15:59 Guard Tower
17:18 Guard Tower
17:21 Scout Tower
17:24 Scout Tower
17:25 Scout Tower
17:26 Scout Tower
17:57 Guard Tower
17:59 Scout Tower
17:59 Scout Tower
19:02 Guard Tower
20:09 Guard Tower
24:05 Scout Tower
24:06 Scout Tower
24:06 Scout Tower
24:08 Scout Tower
24:09 Scout Tower
24:09 Scout Tower
24:09 Scout Tower
24:10 Scout Tower
24:10 Scout Tower
24:10 Scout Tower
24:11 Scout Tower
24:11 Scout Tower
24:11 Scout Tower
25:15 Arcane Tower
25:33 Scout Tower
25:33 Scout Tower
25:34 Scout Tower
25:36 Scout Tower
25:36 Scout Tower
25:36 Scout Tower
25:37 Scout Tower
25:37 Scout Tower
25:38 Scout Tower
25:38 Scout Tower
25:39 Scout Tower
25:39 Scout Tower
25:43 Arcane Tower
27:03 Guard Tower
28:41 Guard Tower
29:29 Farm
29:29 Farm
29:30 Farm
29:30 Farm
33:31 Scout Tower
33:31 Scout Tower
34:13 Guard Tower
34:14 Scout Tower
34:15 Scout Tower
34:57 Scout Tower
34:57 Scout Tower
34:57 Scout Tower
34:58 Scout Tower
34:58 Scout Tower
34:58 Scout Tower
34:58 Scout Tower
34:59 Scout Tower
35:00 Guard Tower
35:33 Guard Tower
36:04 Guard Tower
39:52 Blacksmith
39:55 Blacksmith
39:57 Gryphon Aviary
39:58 Gryphon Aviary
40:00 Farm
40:00 Farm
40:00 Farm
40:00 Farm
40:33 Blacksmith
41:43 Workshop
41:44 Workshop
41:45 Workshop
41:47 Gryphon Aviary
41:47 Gryphon Aviary
41:48 Gryphon Aviary
42:41 Farm
42:42 Farm
44:44 Arcane Vault
45:52 Arcane Vault
52:17 Farm
52:19 Farm
76:14 Arcane Tower
76:27 Scout Tower
77:12 Arcane Tower
» items
| Boots of Speed | 2 | |
| Staff of Teleportation | 2 | |
| Scroll of Town Portal | 7 | |
| Lesser Clarity Potion | 1 | |
| Healing Salve | 2 | |
| Orb of Lightning | 1 | |
| Scroll of Speed | 4 | |
| Tiny Great Hall | 1 | |
| Ivory Tower | 1 | |
21 total
ZombieCaylee (
blue | 64 APM | 6366 actions | 99:03)
10 Pandaren Brewmaster
3 Breath of Fire
3 Drunken Brawler
1 Storm Earth and Fire
3 Drunken Haze
» actions
| Assign group hotkey | 88 | |
| Basic commands | 249 | |
| Build / train | 128 | |
| ESC pressed | 6 | |
| Enter build submenu | 110 | |
| Enter hero's abilities submenu | 10 | |
| Give item / drop item | 11 | |
| Right click | 3818 | |
| Select / deselect | 993 | |
| Select group hotkey | 347 | |
| Use ability | 606 | |
6366 total
» units
| Peon | 15 | |
| Troll Batrider | 42 | |
| Goblin Zeppelin | 1 | |
58 total
» upgrades
| Liquid Fire | 1 | |
| Reinforced Defenses | 1 | |
| Ranged Weapons | 3 | |
| Armor | 3 | |
| Pillage | 1 | |
| Ensnare | 1 | |
| Spiked Barricades | 1 | |
11 total
» buildings
| Altar of Storms | 2 | |
| Orc Burrow | 13 | |
| War Mill | 2 | |
| Watch Tower | 74 | |
| Stronghold | 2 | |
| Voodoo Lounge | 3 | |
| Great Hall | 4 | |
| Fortress | 1 | |
| Beastiary | 7 | |
| Barracks | 1 | |
109 total
» build order
00:03 Altar of Storms
00:18 Orc Burrow
00:47 War Mill
01:35 Orc Burrow
01:58 Watch Tower
02:11 Watch Tower
02:37 Watch Tower
02:48 Watch Tower
03:34 Stronghold
03:59 Watch Tower
03:59 Watch Tower
04:00 Voodoo Lounge
04:17 Watch Tower
04:18 Watch Tower
05:09 Great Hall
05:32 Watch Tower
06:40 Fortress
06:52 Watch Tower
06:53 Watch Tower
06:59 Watch Tower
06:59 Watch Tower
07:05 Watch Tower
07:30 Beastiary
07:41 Barracks
07:43 Voodoo Lounge
08:19 Orc Burrow
08:19 Orc Burrow
08:22 Watch Tower
08:29 Watch Tower
08:30 Watch Tower
09:01 Voodoo Lounge
09:26 Great Hall
09:37 Watch Tower
09:40 Watch Tower
10:12 Beastiary
10:21 Watch Tower
10:21 Watch Tower
10:46 Watch Tower
15:50 Watch Tower
15:51 Watch Tower
15:51 Watch Tower
15:52 Watch Tower
19:09 Watch Tower
19:09 Watch Tower
19:10 Watch Tower
21:00 Orc Burrow
21:00 Orc Burrow
32:14 Great Hall
33:38 Watch Tower
33:39 Watch Tower
33:39 Watch Tower
33:39 Watch Tower
33:42 Watch Tower
33:42 Watch Tower
33:42 Watch Tower
33:44 Watch Tower
33:44 Watch Tower
33:45 Watch Tower
33:45 Watch Tower
33:46 Watch Tower
33:54 Watch Tower
33:54 Watch Tower
33:54 Watch Tower
33:56 Watch Tower
33:57 Watch Tower
35:07 Watch Tower
35:08 Watch Tower
37:21 Watch Tower
37:21 Watch Tower
37:22 Watch Tower
40:19 War Mill
40:32 Great Hall
41:23 Orc Burrow
41:23 Orc Burrow
41:24 Orc Burrow
41:24 Orc Burrow
42:53 Altar of Storms
43:19 Stronghold
47:04 Beastiary
47:05 Beastiary
47:15 Beastiary
47:20 Beastiary
56:14 Orc Burrow
56:16 Orc Burrow
56:21 Watch Tower
56:22 Watch Tower
56:22 Watch Tower
56:24 Watch Tower
56:24 Watch Tower
56:26 Watch Tower
56:53 Orc Burrow
58:50 Watch Tower
58:51 Watch Tower
58:58 Watch Tower
60:25 Watch Tower
60:27 Watch Tower
60:28 Watch Tower
60:34 Watch Tower
60:35 Watch Tower
62:20 Watch Tower
62:21 Watch Tower
62:22 Watch Tower
62:23 Watch Tower
62:41 Watch Tower
65:38 Watch Tower
65:40 Watch Tower
65:41 Watch Tower
» items
| Lesser Clarity Potion | 7 | |
| Healing Salve | 2 | |
| Scroll of Speed | 9 | |
| Staff of Teleportation | 2 | |
| Boots of Speed | 1 | |
| Orb of Lightning | 1 | |
| Scroll of Town Portal | 7 | |
| Potion of Healing | 8 | |
| Potion of Invisibility | 1 | |
| Potion of Lesser Invulnerability | 1 | |
| Khadgar's Gem of Health | 1 | |
| Wand of Illusion | 1 | |
| Potion of Greater Mana | 1 | |
| Anti-magic Potion | 1 | |
43 total
Chat log
(00:03 / Allies) humankingtomvip: lets do tower well pandas
(00:08 / Allies) ZombieCaylee: oh damn
(00:11 / Allies) ZombieCaylee: i started altar
(00:16 / Allies) humankingtomvip: just tower ur base
(00:34 / Allies) humankingtomvip: why is berlingots familiar
(00:55 / Allies) humankingtomvip: michael feed me
(00:59 / Allies) humankingtomvip: until we have our 2 bsases towered
(01:11 / Allies) ZombieCaylee: so were pandaing
(01:15 / Allies) humankingtomvip: ya
(01:33 / Allies) humankingtomvip: 5 wood
(02:31 / Allies) bannedfromwc3: up the towers
(02:54 / Allies) humankingtomvip: get 6+
(02:55 / Allies) humankingtomvip: with bereaths
(03:06 / Allies) humankingtomvip: wheres our third
(03:17 / Allies) humankingtomvip: tp
(03:25 / Allies) ZombieCaylee: my b
(03:32 / Allies) ZombieCaylee: bad hotkey
(03:50 / Allies) humankingtomvip: ok out
(03:58 / Allies) humankingtomvip: we need a lto mroe wells
(04:06 / Allies) ZombieCaylee: i thought i hotkeyd my panda
(04:09 / Allies) ZombieCaylee: my fault guys
(04:33 / Allies) humankingtomvip: ok u guys creep
(04:43 / Allies) ZombieCaylee: someone can expo here
(05:23 / Allies) humankingtomvip: go for broke with the wells
(05:38 / Allies) humankingtomvip: all
(05:45 / Allies) ZombieCaylee: is staff up yet
(06:15 / Allies) humankingtomvip: well thsi base more
(06:17 / Allies) humankingtomvip: they are hitting it hard
(07:11 / Allies) ZombieCaylee: anyone got gold
(07:39 / Allies) bannedfromwc3: im camped in
(07:57 / Allies) ZombieCaylee: ud just fucked my expo
(08:00 / Allies) ZombieCaylee: i could use gold too
(08:07 / Allies) ZombieCaylee: er
(08:07 / Allies) ZombieCaylee: wood
(08:16 / Allies) humankingtomvip: we need towers and wells
(08:18 / Allies) humankingtomvip: ltos more of wells
(08:39 / Allies) ZombieCaylee: ok gold for bats
(09:03 / Allies) humankingtomvip: theyre not getting air
(09:06 / Allies) humankingtomvip: and therye all towerd
(09:09 / Allies) ZombieCaylee: oh
(09:10 / Allies) humankingtomvip: get the beastiiaries nbut not the bats
(09:19 / Allies) ZombieCaylee: ok
(09:56 / Allies) humankingtomvip: more wells
(10:00 / Allies) humankingtomvip: and we need to creep together
(10:18 / Allies) ZombieCaylee: hmm theyre revealing me
(10:21 / Allies) humankingtomvip: wtf happened there
(10:24 / Allies) humankingtomvip: why is ur tree uprooted
(10:26 / Allies) bannedfromwc3: lol
(11:00 / Allies) humankingtomvip: keep makign wells
(11:39 / Allies) humankingtomvip: lets go panda his peons
(11:51 / Allies) humankingtomvip: get orc building armor upgrade asap
(11:56 / Allies) ZombieCaylee: wood
(11:59 / Allies) ZombieCaylee: pls
(12:04 / Allies) humankingtomvip: come on
(12:05 / Allies) humankingtomvip: tribreath
(12:06 / Allies) humankingtomvip: needed
(12:21 / Allies) ZombieCaylee: there im 3
(12:36 / Allies) humankingtomvip: ok get the bats
(12:38 / Allies) humankingtomvip: hes making wyrms now
(12:49 / Allies) humankingtomvip: u gusy need 3
(12:50 / Allies) ZombieCaylee: where should i stage them
(12:52 / Allies) humankingtomvip: michael no
(13:24 / Allies) humankingtomvip: lets go tribreath
(13:25 / Allies) humankingtomvip: his rifels
(13:27 / Allies) ZombieCaylee: where should i stage my bats
(13:32 / Allies) ZombieCaylee: oj base?
(13:37 / Allies) humankingtomvip: jsut keep them in ur towers
(14:30 / Allies) humankingtomvip: upgrade moon wells
(14:31 / Allies) humankingtomvip: to elvel 3
(14:37 / Allies) humankingtomvip: all staff
(14:38 / Allies) humankingtomvip: now
(15:38 / Allies) humankingtomvip: michael
(15:40 / Allies) humankingtomvip: make a tree of life here
(15:43 / Allies) humankingtomvip: and eat thru
(15:48 / Allies) humankingtomvip: elts go
(15:50 / Allies) humankingtomvip: tribreaht
(16:02 / Allies) ZombieCaylee: bats rdy
(16:07 / Allies) ZombieCaylee: how many towers do they have now
(16:19 / Allies) humankingtomvip: bats are jsut for conccot
(16:38 / Allies) humankingtomvip: peons
(17:01 / Allies) humankingtomvip: im out
(17:18 / Allies) ZombieCaylee: aw
(17:20 / Allies) bannedfromwc3: happy new year
(17:43 / Allies) humankingtomvip: other panda
(18:10 / Allies) ZombieCaylee: i can hit hu
(18:14 / Allies) ZombieCaylee: he didnt have many towers
(18:22 / Allies) humankingtomvip: lets get acos and toers
(18:24 / Allies) humankingtomvip: acos first
(18:51 / Allies) humankingtomvip: fucking pathing
(19:08 / Allies) humankingtomvip: bring all pandas
(19:14 / Allies) ZombieCaylee: omw
(19:30 / Allies) ZombieCaylee: how is teal's towering
(19:39 / Allies) humankingtomvip: hes towered too much for bats
(19:55 / Allies) humankingtomvip: b
(19:58 / Allies) humankingtomvip: arcanes and wyrms
(20:12 / Allies) humankingtomvip: its better to tp than die
(20:18 / Allies) humankingtomvip: im gonna bat those wyrms now
(20:24 / Allies) humankingtomvip: fill that expo
(20:29 / Allies) humankingtomvip: my panda is going to ud base again
(20:39 / Allies) humankingtomvip: fill that expo with wisps
(20:43 / Allies) humankingtomvip: gold miners
(21:01 / Allies) humankingtomvip: nvm inc
(21:08 / Allies) ZombieCaylee: wyrms?
(22:56 / Allies) humankingtomvip: dk
(23:46 / Allies) humankingtomvip: heal the bats up
(23:52 / Allies) humankingtomvip: lets tripanada this base
(25:57 / Allies) ZombieCaylee: took out his expo btw
(27:32 / Allies) humankingtomvip: we needt those bats in a mass back home to blow up wyrms again
(27:33 / Allies) humankingtomvip: he has a bunch
(27:46 / Allies) humankingtomvip: i massed reveal towerw so make them ur control group 9 or soemthing
(27:49 / Allies) humankingtomvip: if u wanna scout
(29:02 / Allies) humankingtomvip: lmao armor aura
(29:04 / Allies) humankingtomvip: whos he kidding
(29:12 / Allies) ZombieCaylee: im 50 food with bats
(29:14 / Allies) ZombieCaylee: more?
(29:15 / Allies) humankingtomvip: all 3 this time
(29:18 / Allies) humankingtomvip: nah 50 is fine
(29:22 / Allies) ZombieCaylee: lemme invis
(29:23 / Allies) humankingtomvip: thats where to use them
(29:37 / Allies) humankingtomvip: come all pandas fast
(29:40 / Allies) humankingtomvip: ebfore were on defense again
(29:45 / Allies) ZombieCaylee: theyre inc
(29:53 / Allies) ZombieCaylee: to mine i think
(30:00 / Allies) humankingtomvip: ya
(30:02 / Allies) humankingtomvip: were on defense
(30:03 / Allies) humankingtomvip: gogo
(30:12 / Allies) humankingtomvip: use breaths on tanks
(30:14 / Allies) humankingtomvip: bats on air
(30:58 / Allies) humankingtomvip: dk
(31:20 / Allies) humankingtomvip: he bolted me
(32:09 / Allies) bannedfromwc3: im lagging
(32:12 / Allies) humankingtomvip: we need to mien that
(32:22 / Allies) humankingtomvip: lets go
(32:23 / Allies) humankingtomvip: all 3
(32:24 / Allies) humankingtomvip: on ud zigs
(32:29 / Allies) humankingtomvip: that is a hgue juicy target
(34:44 / Allies) ZombieCaylee: we need to hit expos bad
(35:12 / Allies) humankingtomvip: and mines are split
(35:36 / Allies) humankingtomvip: amke more wells
(35:38 / Allies) humankingtomvip: at all 3 spots
(35:40 / Allies) humankingtomvip: as lsong ass they dont block
(37:14 / Allies) humankingtomvip: tower more in the back of orc base
(37:15 / Allies) humankingtomvip: jsut inc ase
(38:26 / Allies) humankingtomvip: gold me michael
(38:41 / Allies) humankingtomvip: give me half your ogld
(39:21 / Allies) ZombieCaylee: perch?
(39:25 / Allies) humankingtomvip: use the scroll wheel
(39:27 / Allies) humankingtomvip: to give gold faster
(39:29 / Allies) humankingtomvip: give me 8k
(40:07 / Allies) ZombieCaylee: haha
(40:12 / Allies) ZombieCaylee: peons killed a steam engine
(40:29 / Allies) ZombieCaylee: well im gone
(40:41 / Allies) ZombieCaylee: we should try to perch
(40:42 / Allies) ZombieCaylee: top right or left
(41:09 / Allies) ZombieCaylee: dont forget tower armor orange
(41:37 / Allies) humankingtomvip: triobreath
(42:41 / Allies) ZombieCaylee: shit
(42:42 / Allies) ZombieCaylee: no tp
(43:05 / Allies) ZombieCaylee: we should really perch this
(43:09 / Allies) ZombieCaylee: its our only chance now
(43:14 / Allies) ZombieCaylee: gonna need a mortar or 2
(43:34 / Allies) ZombieCaylee: tom can u res me a little
(43:38 / Allies) ZombieCaylee: or
(43:40 / Allies) ZombieCaylee: actually yellow can u
(43:56 / Allies) ZombieCaylee: yellow feed pls
(43:59 / Allies) humankingtomvip: we need 3 breaths together
(44:15 / Allies) humankingtomvip: fuck it im breaking
(44:19 / Allies) humankingtomvip: do w/e u can to perch now
(44:29 / Allies) ZombieCaylee: top left or top right
(44:34 / Allies) humankingtomvip: top right
(45:58 / Allies) humankingtomvip: i need wood bad
(46:41 / Allies) bannedfromwc3: what do we need to ghet up
(46:52 / Allies) humankingtomvip: as many bat sas we can
(46:53 / Allies) ZombieCaylee: were gonna put towers and a town hall on the top left
(46:54 / Allies) humankingtomvip: some morts
(46:55 / Allies) humankingtomvip: some casters
(47:01 / Allies) humankingtomvip: ELF main
(47:04 / Allies) humankingtomvip: so it doesnt take up room
(47:07 / Allies) ZombieCaylee: yeah
(47:09 / Allies) ZombieCaylee: and well need bats
(47:17 / Allies) humankingtomvip: well need a lot of air
(47:20 / Allies) humankingtomvip: keep fighting with pandas
(47:21 / Allies) humankingtomvip: dont idle
(47:24 / Allies) humankingtomvip: we are far from perch time
(47:26 / Allies) humankingtomvip: dont break 50 yet
(48:28 / Allies) humankingtomvip: top right
(48:29 / Allies) humankingtomvip: not elft
(48:41 / Allies) ZombieCaylee: tricky with no bloodmage
(48:47 / Allies) humankingtomvip: ia vhe one
(48:50 / Allies) ZombieCaylee: ok
(51:17 / Allies) humankingtomvip: send elf main there
(51:28 / Allies) bannedfromwc3: where?
(52:49 / Allies) ZombieCaylee: shit
(52:50 / Allies) humankingtomvip: easy targets if we work toegehter
(53:01 / Allies) humankingtomvip: finally
(53:06 / Allies) ZombieCaylee: gay lvl 6 am^
(53:17 / Allies) ZombieCaylee: we need an elf main
(53:17 / Allies) ZombieCaylee: top right
(53:28 / Allies) humankingtomvip: ya elf
(53:36 / Allies) bannedfromwc3: wheres the zepp
(53:47 / Allies) ZombieCaylee: hawks
(53:51 / Allies) ZombieCaylee: better than griffs
(53:57 / Allies) ZombieCaylee: both is nice
(54:06 / Allies) ZombieCaylee: and some gyros
(54:11 / Allies) ZombieCaylee: even jus a couple for detection
(54:35 / Allies) humankingtomvip: get to work ont hose tanks
(54:39 / Allies) humankingtomvip: orc ur not mining
(54:41 / Allies) humankingtomvip: get as much as u can
(54:45 / Allies) humankingtomvip: elf give him 3k
(54:52 / Allies) ZombieCaylee: bats?
(54:57 / Allies) humankingtomvip: ya
(55:06 / Allies) humankingtomvip: oh no
(55:06 / Allies) humankingtomvip: b
(55:17 / Allies) humankingtomvip: thought u meant
(55:19 / Allies) humankingtomvip: "make btas"
(55:20 / Allies) humankingtomvip: ?
(55:25 / Allies) humankingtomvip: heal those u[
(55:55 / Allies) ZombieCaylee: gold me
(56:06 / Allies) ZombieCaylee: dont forget anti magic pots
(56:50 / Allies) ZombieCaylee: dont give away the perch
(56:53 / Allies) humankingtomvip: dont tower this anymore
(57:00 / Allies) humankingtomvip: we are poor now
(57:08 / Allies) humankingtomvip: we can defend long enough
(57:10 / Allies) humankingtomvip: with just breath and run
(57:32 / Allies) humankingtomvip: ok micahel
(57:33 / Allies) humankingtomvip: get chims
(57:41 / Allies) humankingtomvip: we are gonna be dealing with
(57:43 / Allies) humankingtomvip: elvel 100 aoe heros
(57:51 / Allies) humankingtomvip: we need a last resort
(58:25 / Allies) humankingtomvip: what is that skeleotn
(58:40 / Allies) ZombieCaylee: need a wisp top right
(58:58 / Allies) bannedfromwc3: what level should i put the tree on
(59:02 / Allies) ZombieCaylee: top
(59:03 / Allies) humankingtomvip: very top right as u can
(59:10 / Allies) bannedfromwc3: in that pit
(59:18 / Allies) bannedfromwc3: ?
(59:22 / Allies) humankingtomvip: very top right
(59:22 / Allies) ZombieCaylee: should i bring the bats up
(59:26 / Allies) humankingtomvip: ya
(59:57 / Allies) humankingtomvip: double drunk lol
(60:18 / Allies) humankingtomvip: tp
(60:33 / Allies) bannedfromwc3: thats a lot of wyrms
(60:37 / Allies) ZombieCaylee: hows our gold
(60:41 / Allies) humankingtomvip: were poor
(60:49 / Allies) humankingtomvip: get the bats top right
(60:50 / Allies) ZombieCaylee: 6k ^on elf
(60:55 / Allies) ZombieCaylee: im controlling
(61:36 / Allies) ZombieCaylee: we need way more hawks
(61:40 / Allies) ZombieCaylee: bats are a last resort
(61:48 / Allies) ZombieCaylee: and sorcs imo
(61:53 / Allies) ZombieCaylee: elf gold me pls
(62:04 / Allies) ZombieCaylee: we gotta tower this thing
(62:05 / Allies) humankingtomvip: tribreath here
(62:25 / Allies) humankingtomvip: lol?
(62:51 / Allies) humankingtomvip: michael ge ta quick hall too
(62:54 / Allies) humankingtomvip: and keep it as a backup
(63:14 / Allies) ZombieCaylee: lets hit 9 oclock
(63:16 / Allies) ZombieCaylee: still gold in it
(63:50 / Allies) ZombieCaylee: dont die
(65:36 / Allies) humankingtomvip: human trihero
(65:38 / Allies) humankingtomvip: so annoying
(65:44 / Allies) ZombieCaylee: gold psl
(65:50 / Allies) humankingtomvip: well im basically done perching
(65:51 / Allies) bannedfromwc3: noone has gold
(65:52 / Allies) humankingtomvip: im at 98 food
(65:54 / Allies) humankingtomvip: 393 gold
(66:04 / Allies) bannedfromwc3: i got 2k reserve
(66:34 / Allies) ZombieCaylee: start denying towers?
(66:38 / Allies) humankingtomvip: ya
(66:40 / Allies) humankingtomvip: get the chims up to perch too
(66:53 / Allies) humankingtomvip: we have enough built
(66:56 / Allies) humankingtomvip: keep all other gold for reserve
(67:27 / Allies) humankingtomvip: hide ur main tree
(67:44 / Allies) ZombieCaylee: lol
(67:48 / Allies) ZombieCaylee: you never got lvl3 tower armor?
(67:54 / Allies) humankingtomvip: oops
(68:16 / Allies) humankingtomvip: hdie the tree in woods
(68:22 / Allies) humankingtomvip: get pnada to safety
(68:40 / Allies) humankingtomvip: michael tavern it
(68:42 / Allies) humankingtomvip: we need that damn panda
(68:48 / Allies) humankingtomvip: before all ur welsl are ded
(68:56 / Allies) humankingtomvip: tavern it
(69:08 / Allies) bannedfromwc3: i have nothing to tavern it with
(69:13 / Allies) ZombieCaylee: im going
(69:33 / Allies) ZombieCaylee: gyros
(69:34 / Allies) ZombieCaylee: hmm
(69:37 / Allies) humankingtomvip: get it to safety
(69:39 / Allies) humankingtomvip: asap
(69:58 / Allies) humankingtomvip: eat over to there
(70:00 / Allies) humankingtomvip: with main elf tree
(70:08 / All) ZombieCaylee: gg...
(70:13 / All) Spell-I-Cup: gg.
(70:14 / All) berlingots: gg
(70:15 / All) humankingtomvip: wyrms are cheap
(70:16 / All) bokanovsky-: omg haha
(70:19 / All) Spell-I-Cup: umm ok
(70:23 / All) bokanovsky-: ahahahahah
(70:26 / All) bokanovsky-: look what you did!
(70:28 / Allies) humankingtomvip: i made a smurf before
(70:31 / Allies) humankingtomvip: that was berlingotis
(70:31 / All) bokanovsky-: i almost left
(70:34 / All) bokanovsky-: i was so bored
(70:34 / Allies) humankingtomvip: with capital i for L
(70:38 / Allies) humankingtomvip: so i must have faced him
(70:41 / Allies) humankingtomvip: i think it was with tommy
(70:42 / Allies) humankingtomvip: in 2s
(70:53 / Allies) ZombieCaylee: we need more towers
(70:57 / Allies) ZombieCaylee: or they can steamroll this with gryphs
(71:03 / Allies) ZombieCaylee: even if we hawk and bat them
(71:09 / Allies) ZombieCaylee: btw bats are a last resort
(71:10 / Allies) humankingtomvip: 7k in their mines
(71:13 / Allies) humankingtomvip: 3k in their coffers
(71:16 / Allies) ZombieCaylee: with this much gold we cant bat wyrms
(71:19 / Allies) humankingtomvip: wait no
(71:21 / Allies) humankingtomvip: 4k in mines
(71:22 / All) berlingots: gg
(71:23 / All) berlingots: leave?
(71:24 / Allies) humankingtomvip: 3k in coffers
(71:26 / All) Spell-I-Cup: lol
(71:28 / All) berlingots: gotta go pee
(71:33 / All) humankingtomvip: i want my stay % to go up
(71:34 / All) Spell-I-Cup: I SEE YOU PEE
(71:37 / All) humankingtomvip: or they wont let me be a moderator
(71:41 / All) Spell-I-Cup: lol
(71:49 / Allies) humankingtomvip: the real problem wont be air
(71:51 / All) Spell-I-Cup: mod for what
(71:52 / Allies) humankingtomvip: it will be aoe heros
(71:55 / Allies) humankingtomvip: inching closer
(71:58 / Allies) humankingtomvip: with infinite mana and heal
(72:03 / Allies) ZombieCaylee: we can bat the zeps
(72:09 / Allies) ZombieCaylee: thats worth it if we know they have heroes in them
(72:12 / Allies) humankingtomvip: ya
(72:17 / Allies) humankingtomvip: even if they tdropped to 50 food
(72:19 / Allies) humankingtomvip: sold all items
(72:21 / Allies) humankingtomvip: and mined the rest of the gold
(72:24 / Allies) humankingtomvip: they dont have enough
(72:25 / Allies) humankingtomvip: to get us
(72:31 / All) ZombieCaylee: fuck gg
(72:32 / All) ZombieCaylee: FREE WIN
(72:36 / All) Spell-I-Cup: k
(72:40 / All) ZombieCaylee: aw
(73:17 / Allies) bannedfromwc3: this sacred grove is gonna get desecrated now that theyre on the hunt for it
(73:21 / All) humankingtomvip: your monthly allotment of 5 megabytes of dialup has been overrun
(73:31 / Allies) humankingtomvip: u better watchout
(73:32 / Allies) humankingtomvip: or the bolt man
(73:34 / Allies) humankingtomvip: will be on u
(73:39 / Allies) humankingtomvip: dont tp up here if u can help it
(73:41 / Allies) humankingtomvip: it reveals
(73:42 / Allies) humankingtomvip: where you tp
(73:44 / Allies) bannedfromwc3: pingpingping
(73:48 / Allies) humankingtomvip: gyro
(73:48 / Allies) ZombieCaylee: that too
(74:05 / Allies) humankingtomvip: lol
(74:11 / Allies) humankingtomvip: too bad they foudn the perch
(74:12 / Allies) humankingtomvip: ebfore that
(74:31 / Allies) ZombieCaylee: wait for my tp
(74:33 / Allies) ZombieCaylee: and ill come
(75:02 / Allies) humankingtomvip: theyre all looking here now
(75:05 / Allies) humankingtomvip: no more going out
(75:12 / Allies) humankingtomvip: watch for zepps
(75:34 / Allies) ZombieCaylee: we should post pandas further up
(75:37 / Allies) ZombieCaylee: to counter air
(75:46 / Allies) ZombieCaylee: do we have any gyros
(75:50 / Allies) humankingtomvip: no
(75:58 / Allies) ZombieCaylee: oj i put a scout tower on ur panda
(76:01 / Allies) ZombieCaylee: we need it for truesight
(76:10 / Allies) ZombieCaylee: up front
(76:13 / Allies) ZombieCaylee: meh
(76:16 / Allies) ZombieCaylee: u can build more
(76:21 / Allies) ZombieCaylee: i think we need more towers
(76:33 / Allies) humankingtomvip: whoa
(76:34 / Allies) humankingtomvip: mass gyros
(76:36 / Allies) bannedfromwc3: i have 318 gold if you want it
(76:37 / Allies) humankingtomvip: this is better htan i expected
(76:39 / Allies) humankingtomvip: dotn gold me
(76:42 / Allies) humankingtomvip: im maxed out food
(77:03 / Allies) ZombieCaylee: which way are the gyros comin
(77:10 / Allies) humankingtomvip: so far hes not attacking
(77:19 / Allies) ZombieCaylee: hes not dropping to 50 either?
(77:32 / Allies) ZombieCaylee: be ready
(77:34 / Allies) ZombieCaylee: to entangle
(77:43 / Allies) ZombieCaylee: invis hawks imo
(78:05 / Allies) bannedfromwc3: lool
(79:08 / Allies) ZombieCaylee: nice
(79:21 / Allies) humankingtomvip: lmao
(79:22 / Allies) ZombieCaylee: hmm
(79:23 / Allies) ZombieCaylee: they shoulda waited
(79:34 / Allies) humankingtomvip: sending in gyros first was retarded
(79:36 / Allies) bannedfromwc3: they were hoping for a blitzkreig
(79:39 / Allies) humankingtomvip: just shows how in love they are with wyrms
(79:56 / Allies) humankingtomvip: lol
(80:07 / Allies) ZombieCaylee: lets go?
(80:15 / Allies) humankingtomvip: u cant invis
(80:16 / Allies) humankingtomvip: in a boat
(80:22 / Allies) ZombieCaylee: ur dropped invis
(80:36 / Allies) humankingtomvip: oh whoa
(80:39 / Allies) humankingtomvip: its not that way
(80:40 / Allies) humankingtomvip: with miltita
(80:43 / Allies) humankingtomvip: it puts them back to peasant
(81:05 / Allies) ZombieCaylee: we should b
(81:07 / Allies) humankingtomvip: i wish we were richer
(81:10 / Allies) humankingtomvip: so i could buy mass items
(81:25 / Allies) ZombieCaylee: we should b
(81:28 / Allies) ZombieCaylee: theyll wait for us
(81:42 / Allies) ZombieCaylee: get out clean and save a tp if u can
(81:47 / Allies) ZombieCaylee: but tp if u gotta
(82:08 / Allies) ZombieCaylee: we shoulda left critters
(82:11 / Allies) ZombieCaylee: to tp to
(82:26 / All) bokanovsky-: you should kust let us win for putting up with you for this long
(82:48 / Allies) humankingtomvip: damnw e really are poor now
(82:57 / Allies) humankingtomvip: they have 3500
(83:00 / Allies) humankingtomvip: banked
(83:03 / Allies) ZombieCaylee: its ok
(83:06 / Allies) ZombieCaylee: just keep it tight
(83:11 / Allies) ZombieCaylee: they only need 2 dragonhawks
(83:17 / Allies) ZombieCaylee: to take out our tower row
(83:23 / Allies) ZombieCaylee: and they can mass them to entangle ours
(83:37 / Allies) ZombieCaylee: no more batting wyrms
(83:45 / Allies) ZombieCaylee: gotta entangle and only bat hawks
(84:31 / Allies) bannedfromwc3: lol
(84:46 / Allies) ZombieCaylee: b
(84:47 / Allies) ZombieCaylee: back
(84:49 / Allies) ZombieCaylee: teals there with mk
(84:55 / Allies) ZombieCaylee: gyros patrolling
(85:09 / Allies) humankingtomvip: ehs upu to 4k
(85:12 / Allies) humankingtomvip: theyve been selling and pooling
(85:22 / Allies) ZombieCaylee: they will go hawks next time
(85:37 / Allies) ZombieCaylee: gotta keep ours invis
(85:45 / Allies) humankingtomvip: i think theyre waiting
(85:48 / Allies) humankingtomvip: for a fumble
(86:16 / Allies) ZombieCaylee: still no arcane sentry
(86:26 / Allies) humankingtomvip: lets leave the rest of hte trees intact
(86:28 / Allies) ZombieCaylee: id give my left nut for an alchemist
(86:32 / Allies) humankingtomvip: it prevents a wide open landing gorund
(86:37 / Allies) humankingtomvip: ya i forgot about tha tagain
(86:43 / Allies) humankingtomvip: last time i vowed to get alchmist when panda hit 6
(86:53 / Allies) ZombieCaylee: where should i hit
(87:04 / Allies) ZombieCaylee: where is the mk lets put it that way
(88:31 / Allies) humankingtomvip: i wish i had gotten a preservation staff
(89:19 / Allies) humankingtomvip: that zepps health isnt ever going up
(89:23 / Allies) ZombieCaylee: ew
(89:37 / Allies) ZombieCaylee: well it did now
(90:06 / Allies) humankingtomvip: lol
(90:48 / Allies) humankingtomvip: theyre really licking the bowl
(90:50 / Allies) humankingtomvip: with this 4k they have
(90:53 / Allies) humankingtomvip: they still havent spent any
(91:17 / Allies) ZombieCaylee: care
(91:27 / Allies) ZombieCaylee: once its gone its gone
(92:23 / Allies) humankingtomvip: he spent 1k
(92:24 / Allies) humankingtomvip: on something
(92:28 / Allies) humankingtomvip: \gyros
(92:39 / Allies) humankingtomvip: SAPPERS
(92:40 / Allies) humankingtomvip: LOL
(92:42 / Allies) bannedfromwc3: an aviary
(92:43 / Allies) humankingtomvip: just likle the chinamen
(92:52 / Allies) ZombieCaylee: phew
(92:54 / Allies) ZombieCaylee: zomg
(92:59 / Allies) ZombieCaylee: hearts pounding a bit now
(93:10 / Allies) ZombieCaylee: how much do they have
(93:12 / Allies) ZombieCaylee: for dragonhawks now
(93:16 / Allies) bannedfromwc3: 41
(93:19 / Allies) humankingtomvip: they spent all
(93:20 / Allies) humankingtomvip: on gyros
(93:21 / Allies) bannedfromwc3: 200
(93:28 / Allies) bannedfromwc3: 306
(93:29 / Allies) ZombieCaylee: dont bat gyros whatever u do
(93:30 / Allies) ZombieCaylee: lol
(93:42 / Allies) humankingtomvip: gonna rogue my way over to this zepp
(93:45 / Allies) ZombieCaylee: entangle hawks if you can but bat if you have to while theyre clouding
(93:59 / Allies) ZombieCaylee: heh
(94:04 / Allies) bannedfromwc3: lol
(94:12 / Allies) humankingtomvip: i didnt even realize that had shit in it
(94:14 / Allies) humankingtomvip: wish i got it over water
(94:22 / Allies) ZombieCaylee: thats the advantage of top left
(94:23 / Allies) humankingtomvip: round 2
(94:23 / Allies) ZombieCaylee: but its tniy
(94:50 / Allies) ZombieCaylee: easy
(94:53 / Allies) humankingtomvip: they have gyros spread out
(94:55 / Allies) ZombieCaylee: theyll just fake us out
(95:02 / Allies) ZombieCaylee: with zeps
(95:05 / Allies) ZombieCaylee: until we run out of bats
(95:11 / Allies) ZombieCaylee: we dont wanna encourage that
(95:23 / Allies) bannedfromwc3: green and teal have about 700 gold together
(95:35 / Allies) ZombieCaylee: you cant put sappers in a zep
(95:38 / Allies) ZombieCaylee: lol
(95:46 / Allies) humankingtomvip: hey are gonna get frantic
(95:51 / Allies) humankingtomvip: when they see they cant keep buying zepps
(95:53 / Allies) humankingtomvip: wait
(95:53 / Allies) humankingtomvip: thsi one
(95:55 / Allies) humankingtomvip: over wood
(96:00 / Allies) humankingtomvip: awww
(96:00 / Allies) humankingtomvip: no
(96:04 / Allies) ZombieCaylee: shit
(96:05 / Allies) ZombieCaylee: shit
(96:06 / Allies) humankingtomvip: gyros
(96:07 / Allies) ZombieCaylee: thought it was
(96:29 / Allies) humankingtomvip: dotn bat this time
(96:32 / Allies) bannedfromwc3: red zepp
(96:40 / Allies) humankingtomvip: BOTH UNDEAD HEROS
(96:46 / All) bannedfromwc3: LOL
(96:49 / All) humankingtomvip: LOL
(96:53 / All) ZombieCaylee: L
(96:54 / All) ZombieCaylee: O
(96:55 / All) ZombieCaylee: L
(97:02 / All) humankingtomvip: MY MAGE JUST LEVELLED UP
(97:05 / All) humankingtomvip: THREE TIMES
(97:14 / All) ZombieCaylee: dont tell him we have a mage o.O
(97:22 / All) ZombieCaylee: he doesnt have a mage.
(97:26 / All) Spell-I-Cup: I know the game is about winning
(97:31 / All) ZombieCaylee: wha
(97:32 / All) Spell-I-Cup: but its also about fun
(97:32 / All) humankingtomvip: hey
(97:35 / All) ZombieCaylee: this isnt fun?
(97:37 / All) humankingtomvip: you should rebuild your undead heros
(97:39 / All) Spell-I-Cup: and i havent had fun all game
(97:43 / All) ZombieCaylee: leave?
(97:45 / All) humankingtomvip: you can do that at your undead base
(97:58 / Allies) ZombieCaylee: should i breath those gyros
(98:02 / Allies) ZombieCaylee: where is the mk
(98:03 / Allies) humankingtomvip: \wait
(98:04 / Allies) humankingtomvip: il come
(98:18 / Allies) ZombieCaylee: back up
(98:42 / All) Spell-I-Cup: gg
(98:44 / All) ZombieCaylee: lol